 Dungeon Crawl Stone Soup version 0.26-a0-665-gefeb406 (webtiles) character file.

Game seed: 4249025955110367455

697493 taqueso the Phalangite (level 27, -19/230 HPs)
             Began as a Merfolk Fighter on Oct 14, 2020.
             Was the Champion of Okawaru.
             Killed from afar by a Killer Klown (23 damage)
             ... with a klown pie
             ... on level 5 of the Realm of Zot on Oct 15, 2020.
             The game lasted 05:34:33 (74797 turns).

taqueso the Phalangite (Merfolk Fighter)           Turns: 74797, Time: 05:34:34

Health: -19/230    AC: 27    Str: 15    XL:     27
Magic:  15/30      EV: 23    Int: 24    God:    Okawaru [******]
Gold:   5150       SH: 20    Dex: 23    Spells: 10/36 levels left

rFire    + . .     SeeInvis +   a - +8 demon trident of the Eternal Void {vorpal, *Drain Int+5}
rCold    + + +     Faith    .   s - +5 kite shield {reflect}
rNeg     + + .     Spirit   .   V - +6 scale mail "Joutas Nad" {rPois Regen+ Dex+2}
rPois    +         Reflect  +   t - +2 helmet
rElec    +         Harm     .   n - scarf {rC+ rF+}
rCorr    .         Rampage  .   l - +0 pair of gloves of Restlessness {rElec Regen+ Dex+4}
MR       +++++     Clarity  +   Z - +2 pair of boots {run}
Stlth    +++++.....             F - amulet of the Four Winds {rN+ MR+++ Clar}
HPRegen  1.28/turn              b - ring of the Octopus King {Wiz AC+1 EV+1 Str+1 Int+1 Dex+1}
MPRegen  0.22/turn              i - ring "Sasaduo" {rF+ rN+ MR+ Slay+3 SInv}

@: fire vulnerable, quick
A: change form in water, swift swim, stealthy swim, rugged brown scales 1, cold
resistance 2, magic resistance 1, weak 1, evolution 1, MP-powered wands
}: 3/15 runes: serpentine, barnacled, silver
a: Heroism, Finesse, Renounce Religion


You were on level 5 of the Realm of Zot.
You worshipped Okawaru.
Okawaru was exalted by your worship.
You visited 11 branches of the dungeon, and saw 53 of its levels.
You also visited: Bailey, Gauntlet, Ice Cave, Volcano and Wizlab.

You collected 12518 gold pieces.
You spent 7368 gold pieces at shops.

Inventory:

Hand Weapons
 a - the +8 demon trident of the Eternal Void (weapon) {vorpal, *Drain Int+5}
   (Okawaru gifted it to you on level 11 of the Dungeon)

   It inflicts extra damage upon your enemies.
   It affects your intelligence (+5).
   It causes draining when unequipped.
Missiles
 f - 21 curare-tipped darts
 x - 73 silver javelins
 I - 101 javelins
 J - 9 throwing nets {=f!f}
 M - 29 boomerangs (quivered)
 X - 4 boomerangs of dispersal {=f!f}
Armour
 l - the +0 pair of gloves of Restlessness (worn) {rElec Regen+ Dex+4}
   (You found it in a Gauntlet)

   It affects your dexterity (+4).
   It insulates you from electricity.
   It increases your rate of regeneration.
 n - a scarf of resistance (worn)
 s - a +5 kite shield of reflection (worn)
 t - a +2 helmet (worn)
 V - the +6 scale mail "Joutas Nad" (worn) {rPois Regen+ Dex+2}
   (Okawaru gifted it to you on level 6 of the Lair of Beasts)

   It affects your dexterity (+2).
   It protects you from poison.
   It increases your rate of regeneration.
 Z - a +2 pair of boots of running (worn)
Jewellery
 b - a ring of the Octopus King (left hand) {Wiz AC+1 EV+1 Str+1 Int+1 Dex+1}
   (You found it on level 2 of the Elven Halls)

   [ring of wizardry]

   It improves your spell success rate.
   It affects your AC (+1).
   It affects your evasion (+1).
   It affects your strength (+1).
   It affects your intelligence (+1).
   It affects your dexterity (+1).
 i - the ring "Sasaduo" (right hand) {rF+ rN+ MR+ Slay+3 SInv}
   (You found it in a wizard's laboratory)

   [ring of see invisible]

   It affects your accuracy and damage with ranged weapons and melee attacks
   (+3).
   It protects you from fire.
   It protects you from negative energy.
   It affects your resistance to hostile enchantments.
   It lets you see invisible.
 F - the amulet of the Four Winds (around neck) {rN+ MR+++ Clar}
   (You found it in an ice cave)

   [amulet of nothing]

   It protects you from negative energy.
   It affects your resistance to hostile enchantments.
   It protects you against confusion.
Wands
 C - a wand of flame (107)
 H - a wand of polymorph (19)
 L - a wand of digging (6)
 P - a wand of paralysis (69)
 Q - a wand of iceblast (16)
 R - a wand of acid (32)
 W - a wand of disintegration (68)
Scrolls
 g - 23 scrolls of teleportation
 h - 4 scrolls of fog
 r - 11 scrolls of identify
 B - a scroll of summoning
 G - 3 scrolls of silence
 S - 6 scrolls of holy word
 T - 10 scrolls of fear
 U - 3 scrolls of blinking
 Y - 32 scrolls of remove curse
Potions
 c - 8 potions of might
 d - 15 potions of curing
 j - a potion of mutation
 m - 5 potions of invisibility
 p - a potion of ambrosia
 u - 8 potions of haste
 v - 7 potions of brilliance
 w - 2 potions of flight
 y - 4 potions of magic
 A - 5 potions of berserk rage
 D - 4 potions of heal wounds
 K - 5 potions of cancellation
 O - 8 potions of resistance
Miscellaneous
 e - a phantom mirror
 k - a phial of floods
 o - a tin of tremorstones (3/3)
 q - a box of beasts (2/3)
 z - a condenser vane (2/2)
 N - a lightning rod (4/4)


   Skills:
 - Level 20.0 Fighting
 - Level 24.0 Polearms
 - Level 18.0 Throwing
 + Level 16.2 Armour
 - Level 16.0 Dodging
 - Level 16.0 Stealth
 - Level 18.0 Shields
 - Level 5.0 Spellcasting
 - Level 20.7 Summonings
   Level 10.3 Necromancy
 - Level 11.6 Translocations
   Level 14.7 Ice Magic
 - Level 10.0 Invocations
 - Level 20.0 Evocations


You had 10 spell levels left.
You knew the following spells:

 Your Spells              Type           Power        Failure   Level
a - Blink                 Tloc           N/A          1%          2
b - Apportation           Tloc           ######       1%          1
c - Summon Forest         Summ/Tloc      ######....   1%          5
d - Summon Hydra          Summ           #######...   1%          7
e - Shadow Creatures      Summ           N/A          1%          6
f - Summon Demon          Summ           #######...   1%          5

Your spell library contained the following spells:

 Spells                   Type           Power        Failure   Level
 Summon Small Mammal      Summ           ####         0%          1
 Call Imp                 Summ           #######.     0%          2
 Call Canine Familiar     Summ           #######.     0%          3
 Animate Skeleton         Necr           ######       1%          1
 Pain                     Necr           ####         1%          1
 Corpse Rot               Necr/Air       N/A          1%          2
 Sublimation of Blood     Necr           ######....   1%          2
 Lesser Beckoning         Tloc           ######....   1%          3
 Summon Guardian Golem    Hex/Summ       ######..     1%          3
 Vampiric Draining        Necr           ######....   1%          3
 Animate Dead             Necr           ######....   1%          4
 Dispel Undead            Necr           ######..     1%          4
 Summon Ice Beast         Ice/Summ       ######..     1%          4
 Summon Lightning Spire   Summ/Air       ######..     1%          4
 Portal Projectile        Hex/Tloc       ####..       2%          3
 Agony                    Necr           ######..     3%          5
 Excruciating Wounds      Necr           ######....   3%          5
 Summon Mana Viper        Hex/Summ       ######..     3%          5
 Ozocubu's Refrigeration  Ice            ######....   3%          6
 Ice Form                 Ice/Tmut       #####...     4%          4
 Simulacrum               Ice/Necr       ######....   8%          6
 Beastly Appendage        Tmut           #.....       9%          1
 Corona                   Hex            #......      9%          1
 Foxfire                  Conj/Fire      #...         9%          1
 Magic Dart               Conj           #...         9%          1
 Sandblast                Erth           #.....       9%          1
 Sting                    Tmut/Pois      #...         9%          1
 Iskenderun's Mystic Bla  Conj/Tloc      ####....     9%          4
 Malign Gateway           Summ/Tloc      ######....   10%         7
 Metabolic Englaciation   Hex/Ice        #####.....   12%         5
 Haunt                    Necr/Summ      ######....   12%         7
 Passwall                 Tmut/Erth      #.......     13%         2
 Searing Ray              Conj           #.....       13%         2
 Slow                     Hex            #.......     13%         2
 Wereblood                Tmut           #.......     13%         2
 Confusing Touch          Hex            #.......     26%         3
 Conjure Flame            Conj/Fire      #.......     26%         3
 Dazzling Flash           Conj/Hex       #.....       26%         3
 Ignite Poison            Fire/Tmut/Pois #.......     26%         3
 Inner Flame              Hex/Fire       #.......     26%         3
 Mephitic Cloud           Conj/Pois/Air  #.......     26%         3
 Spider Form              Tmut/Pois      #.........   26%         3
 Static Discharge         Conj/Air       #.......     26%         3
 Stone Arrow              Conj/Erth      #.....       26%         3
 Tukima's Dance           Hex            #.......     26%         3
 Cause Fear               Hex            #.........   61%         4
 Fulminant Prism          Conj/Hex       #.........   61%         4
 Leda's Liquefaction      Hex/Erth       #.........   61%         4
 Petrify                  Tmut/Erth      #.......     61%         4
 Freezing Cloud           Conj/Ice/Air   ####......   83%         6
 Alistair's Intoxication  Tmut/Pois      #........    90%         5
 Blade Hands              Tmut           #.........   90%         5
 Bolt of Magma            Conj/Fire/Erth #.........   90%         5
 Irradiate                Conj/Tmut      #.........   90%         5
 Lee's Rapid Deconstruct  Erth           #.........   90%         5
 Lightning Bolt           Conj/Air       #.........   90%         5
 Silence                  Hex/Air        #.........   90%         5
 Yara's Violent Unravell  Hex/Tmut       #.........   90%         5
 Conjure Ball Lightning   Conj/Air       #.........   100%        6
 Eringya's Noxious Bog    Tmut/Pois      #.........   100%        6
 Hydra Form               Tmut           #.........   100%        6
 Invisibility             Hex            #.......     100%        6
 Iron Shot                Conj/Erth      #.........   100%        6
 Statue Form              Tmut/Erth      #........    100%        6
 Dragon Form              Tmut           #.........   100%        7
 Borgnjor's Revivificati  Necr           ######....   100%        8
 Discord                  Hex            #.........   100%        8
 Ignition                 Fire           #.........   100%        8
 Infestation              Necr           ######....   100%        8
 Necromutation            Tmut/Necr      ####......   100%        8
 Death's Door             Necr           ######....   100%        9
 Shatter                  Erth           #.........   100%        9
 Tornado                  Air            #.........   100%        9


Dungeon Overview and Level Annotations

Branches:
Dungeon (15/15)            Temple (1/1) D:7            Lair (6/6) D:11
 Shoals (4/4) Lair:4        Snake (4/4) Lair:3        Slime (0/5) Lair:6
    Orc (2/2) D:10            Elf (3/3) Orc:2        Vaults (5/5) D:14
  Crypt (3/3) Vaults:3       Tomb (0/3) Crypt:3      Depths (5/5) D:15
    Zot (5/5) Depths:5     Bailey (visited)           IceCv (visited)
Volcano (visited)          WizLab (visited)         Gauntlet (visited)

Altars:
Ashenzari
Cheibriados
Dithmenos
Elyvilon
Fedhas
Gozag
Hepliaklqana
Kikubaaqudgha
Makhleb
Nemelex Xobeh
Okawaru
Qazlal
Ru
Sif Muna
Trog
Uskayaw
Vehumet
Wu Jian
Xom
Yredelemnul
Zin
The Shining One
Beogh
Jiyva
Lugonu

Shops:
D:7 *(*(   D:10 [(   D:11 }   D:12 =   D:14 [   Orc:2 *[}!   Elf:1 ?
Shoals:1 [   Shoals:2 !   Snake:4 [[[   Vaults:5 ??!!   Depths:1 =}}
Depths:5 !*

Portals:
Hell: Depths:1 Depths:2 Depths:3 Depths:4 Depths:5
Abyss: Snake:2 Depths:4
Pandemonium: Depths:2 Depths:3
Ziggurat: Depths:4

Annotations:
Lair:5 exclusion: 4 oklob plants
Zot:1 2 transporters, exclusion: orange crystal statue


Innate Abilities, Weirdness & Mutations

You revert to your normal form in water.
You are very nimble and swift while swimming.
You are very stealthy in the water. (Stealth+)
You are partially covered in rugged brown scales. (AC +1, +3% HP)
Your flesh is very cold resistant. (rC++)
You are resistant to hostile enchantments. (MR+)
You are weak. (Str -2)
You evolve.
You expend magic power (3 MP) to strengthen your wands.


Message History

* * * LOW HITPOINT WARNING * * *
You puncture the Orb Guardian!
The Orb Guardian is almost dead.
A Killer Klown comes into view. It is wielding a +10 vorpal club.
The deathcap draws from the surrounding life force!
* * * LOW HITPOINT WARNING * * *
The deathcap is healed.
Your tentacled monstrosity tentacle-slaps the shadow dragon.
Your tentacled monstrosity tentacle-slaps the shadow dragon but does no damage. x2
Your tentacled monstrosity grabs the shadow dragon.
Your tentacled monstrosity constricts the shadow dragon.
You block the Orb Guardian's attack.
You miss the Orb Guardian.
The Orb Guardian is almost dead.
The Orb Guardian hits you!!!
* * * LOW HITPOINT WARNING * * *
The Killer Klown throws klown pie at you.
The klown pie hits you!!
Cherry!
Cherry-coloured flames burn away your fire resistance!
You die...

##................## ##......
##..................## #......
#.................!..# ##.....
#..^.................# #.....
#....................# ##.....
#......:........^....# #......
#.^...○....D.........# ##......
#.....f○^...XX.......###.......
##.^.^f.z.....@.^...###...#####
##H..fff..........##....##
##...................###
▓▓...p^##▓▓▓▓▓▓▓▓▓▓▓#
**.^...^,^,,,,,,,****
**,,.....,,,,,,,,,,,,***
**^,,,..,,,,,,,,,,,,,,,,**
*,,,,,,,,,,,,,,,,,,,,,,,,* ****
*,,,,,,^,,,,,,,,,,,,,,,,,***,,,


You could see a Killer Klown, a shadow dragon, a curse toe, an Orb Guardian
(berserk), 2 deathcaps and a friendly tentacled monstrosity (summoned).

Vanquished Creatures
  An orb of fire (Zot:1)
  Mara (Vaults:3)
  2 juggernauts (Depths:5)
  7 ancient liches
  The ghost of Ykecuik the Warrior, a veteran DsBe of Trog (Vaults:2)
  2 greater mummies (Crypt:1)
  Sojobo (Vaults:4)
  Margery (Vaults:4)
  Vashnia (Snake:2)
  Saint Roka (Depths:5)
  A Killer Klown (Zot:2)
  Frederick (Crypt:1)
  2 curse toes
  Xtahua (Vaults:4)
  11 golden dragons
  2 bone dragons (Crypt:3)
  A Hellbinder (WizLab)
  The ghost of Hienro the Bludgeoner, an adept TrBe of Trog (Elf:3)
  The ghost of Violenta the Metallomancer, an adept GrEE of Gozag (Vaults:2)
  3 electric golems
  23 tentacled monstrosities
  Rupert (D:15)
  The ghost of Gigglenaut the Eclecticist, an adept DsFE of Vehumet (Vaults:2)
  5 liches
  An Ice Fiend (IceCv)
  4 Orb Guardians (Zot:5)
  7 titans
  4 deep elf master archers (Elf:3)
  4 deep elf blademasters
  The ghost of Maodom the Brawler, an adept DrTm of Wu Jian (Snake:2)
  9 quicksilver dragons
  A tentacled starspawn (Snake:2)
  9 death cobs
  Gastronok (D:9)
  7 sphinxes
  16 storm dragons
  The ghost of Gigglenaut the Convoker, an adept DsNe of Sif Muna (Shoals:3)
  7 tengu reavers
  Kirke (Snake:2)
  8 ancient champions
  3 shadow dragons
  3 draconian monks
  Roxanne (Elf:2)
  2 revenants (Crypt:3)
  Ilsuiw (Shoals:4)
  10 frost giants
  10 fire giants
  10 draconian knights
  14 nagarajas
  Louise (D:14)
  6 deep elf sorcerers
  10 vault wardens
  7 draconian shifters
  A ghost moth (Zot:5)
  3 balrugs
  4 iron dragons
  2 draconian scorchers
  A draconian stormcaller (Zot:4)
  2 cacodemons (WizLab)
  A ghoul (Vaults:3)
  2 war gargoyles (Vaults:5)
  2 curse skulls
  5 deep elf elementalists
  Aizul (Snake:2)
  2 orc warlords (Orc:2)
  10 ironheart preservers
  26 very ugly things
  10 draconian annihilators
  3 spriggan defenders
  27 stone giants
  3 vampire knights
  8 deep elf demonologists
  A black sun (WizLab)
  7 green draconians
  3 large abominations
  7 black draconians
  14 deep elf annihilators
  6 white draconians
  6 purple draconians
  A minotaur (Gauntlet)
  The ghost of Tenaya the Impaler, a journeyman FoAK of Lugonu (Elf:2)
  A lorocyproca (WizLab)
  5 red draconians
  6 yellow draconians
  4 green deaths (WizLab)
  3 spark wasps
  7 eidola
  7 ettins
  5 merfolk javelineers (Shoals:4)
  9 merfolk impalers
  A blizzard demon (WizLab)
  11 fire dragons
  6 deep elf death magi
  Josephine (D:11)
  21 yaktaur captains
  9 boulder beetles
  2 quicksilver dragon skeletons (Crypt:3)
  14 naga warriors
  14 hydras
  37 vault guards
  8 jiangshi
  8 rakshasas
  2 hell beasts
  7 anacondas
  7 deep elf high priests
  9 ice dragons
  10 great orbs of eyes
  5 alligator snapping turtles
  A catoblepas (Lair:5)
  5 death knights
  4 spriggan air magi
  56 two-headed ogres
  6 merfolk avatars
  6 merfolk aquamancers
  The ghost of Gyodafin the Eclecticist, a journeyman DEWz of Sif Muna (Snake:4)
  7 centaur warriors
  17 ogre magi
  Erica (D:9)
  8 tengu warriors
  A satyr (Shoals:4)
  14 deep troll shamans
  27 dancing weapons
  3 small abominations
  4 vampire magi
  A hell hog (Gauntlet)
  A death yak (Lair:5)
  An orc high priest (Orc:1)
  A titan zombie (Depths:1)
  9 deep troll earth magi
  A shock serpent (shapeshifter) (Depths:3)
  7 shock serpents
  A thrashing horror (Snake:2)
  6 spriggan berserkers
  18 naga sharpshooters
  5 spriggans
  A wretched star (Snake:2)
  9 soul eaters
  24 deep elf knights
  2 titan skeletons
  6 sun demons
  A sixfirhy (WizLab)
  Sonja (Lair:6)
  3 salamander mystics
  48 skeletal warriors
  42 deep trolls
  3 storm dragon skeletons
  An anaconda zombie (Crypt:3)
  A fire crab (Lair:2)
  17 hell knights
  20 iron trolls
  3 shadow wraiths
  6 unseen horrors
  An infernal demonspawn (Depths:3)
  A death drake (shapeshifter) (Vaults:2)
  14 sea snakes
  A gelid demonspawn (Depths:3)
  3 glowing orange brains
  3 golden dragon skeletons
  An orange crystal statue (Depths:4)
  A harpy (shapeshifter) (D:15)
  14 deep elf archers
  7 naga ritualists
  7 orc knights
  7 flayed ghosts
  16 necromancers
  9 wizards
  11 ironbrand convokers
  7 phantasmal warriors
  36 harpies
  4 anaconda skeletons
  7 mana vipers
  A faun (shapeshifter) (Depths:5)
  2 shadow dragon skeletons (Crypt:3)
  9 orc sorcerers
  2 sphinx zombies
  2 frost giant zombies (D:15)
  8 salamanders
  A shining eye (D:4)
  An oklob plant (Lair:1)
  11 cyclopes
  74 deep elf magi
  14 manticores
  22 moths of wrath
  A worldbinder (Snake:2)
  64 ugly things
  6 fauns
  28 black mambas
  5 wolf spiders
  2 iron dragon skeletons (Crypt:3)
  15 elephants
  4 stone giant skeletons
  A fire giant skeleton (Vaults:4)
  11 vault sentinels
  Joseph (D:8)
  A centaur zombie (D:10)
  9 guardian serpents
  3 ice statues
  Maurice (D:11)
  A titan simulacrum (Crypt:3)
  15 naga magi
  4 water nymphs
  Psyche (D:9)
  3 rust devils
  4 smoke demons
  10 merfolk sirens
  The ghost of Gigglenaut the Ogre Mage, a novice OgIE (D:5)
  An orange demon (WizLab)
  A cane toad (shapeshifter) (Depths:1)
  2 molten gargoyles (Volcano)
  3 dire elephant skeletons (Crypt:3)
  An elephant slug zombie (Crypt:3)
  5 rime drakes
  13 cane toads
  A hellion (Depths:4)
  A hellwing (WizLab)
  A yaktaur zombie (Depths:1)
  2 spriggan zombies
  17 komodo dragons
  A black draconian zombie (Crypt:1)
  A redback zombie (Crypt:3)
  5 tengu conjurers
  An elf skeleton (Depths:2)
  12 freezing wraiths
  A rime drake (shapeshifter) (Depths:5)
  50 yaktaurs
  4 kobold demonologists
  A death drake zombie (Crypt:2)
  4 anaconda simulacra (IceCv)
  A human skeleton (Vaults:4)
  2 golden dragon simulacra
  9 ice devils
  A catoblepas skeleton (Crypt:3)
  A queen bee (shapeshifter) (D:13)
  A hydra zombie (Crypt:2)
  A queen bee (Lair:5)
  3 meliai (Lair:5)
  A harpy zombie (Crypt:2)
  2 red devils (WizLab)
  A silent spectre (Depths:3)
  8 polar bears
  A meliai (shapeshifter) (Vaults:3)
  8 wind drakes
  18 trolls
  12 hornets
  31 merfolk
  A troll (shapeshifter) (Depths:4)
  Grinder (D:5)
  A hydra skeleton (Crypt:3)
  2 raiju (shapeshifter)
  7 blink frogs
  A fire giant simulacrum (Crypt:2)
  10 dream sheep
  7 snapping turtles
  2 elf zombies
  An ice dragon zombie (Crypt:3)
  A blink frog (shapeshifter) (Vaults:4)
  39 slime creatures
  3 ettin zombies
  Sigmund (D:3)
  6 air elementals
  14 flying skulls
  A shadow (D:15)
  12 water elementals
  A fire dragon zombie (Crypt:2)
  34 yaks
  2 fire dragon skeletons
  A spriggan (shapeshifter) (Vaults:4)
  A spriggan skeleton (Depths:1)
  A deep troll skeleton (Depths:1)
  2 dire elephant simulacra (IceCv)
  12 wraiths
  3 ynoxinuls
  9 wyverns
  4 fire bats
  4 hogs (Snake:2)
  A hog (shapeshifter) (Vaults:2)
  7 basilisks
  3 chaos spawn (WizLab)
  A neqoxec (WizLab)
  A spriggan simulacrum (Depths:1)
  4 fire elementals
  2 steam dragons (Lair:5)
  A yaktaur simulacrum (Vaults:1)
  8 vampire mosquitoes
  A death yak simulacrum (IceCv)
  6 wargs
  An iron troll simulacrum (IceCv)
  63 nagas
  A hydra simulacrum (IceCv)
  6 harpy simulacra (IceCv)
  4 soldier ants
  A merfolk zombie (Crypt:1)
  5 acid dragons
  24 water moccasins
  A cane toad zombie (Crypt:2)
  2 hell hounds (Gauntlet)
  2 floating eyes (Depths:5)
  5 black bears
  3 sky beasts
  A human zombie (Vaults:1)
  A hornet zombie (D:15)
  36 orc warriors
  A black mamba simulacrum (Crypt:2)
  2 phantoms
  2 necrophages
  12 wolves
  49 ogres
  A blink frog skeleton (Crypt:3)
  11 boggarts
  23 centaurs
  A dream sheep skeleton (Crypt:3)
  2 snapping turtle skeletons (Crypt:3)
  A swamp dragon skeleton (Crypt:3)
  7 big kobolds
  A salamander zombie (Crypt:2)
  A palentonga zombie (Crypt:2)
  11 bullfrogs
  6 earth elementals
  5 scorpions
  A wyvern skeleton (Crypt:3)
  An orc simulacrum (Vaults:1)
  A troll zombie (Crypt:2)
  44 killer bees
  6 wights
  2 electric eels
  3 howler monkeys
  A crimson imp (Depths:2)
  9 lava snakes (Volcano)
  8 starcursed masses (Snake:2)
  4 quasits
  3 draconian simulacra (IceCv)
  2 bullfrog zombies
  A gnoll shaman (D:9)
  7 hounds
  3 jellies
  Crazy Yiuf (D:3)
  24 orc priests
  5 centaur skeletons
  6 bullfrog skeletons
  4 iron imps
  Terence (D:2)
  Jessica (D:3)
  A basilisk skeleton (Crypt:2)
  6 hell rats (Lair:6)
  28 orc wizards
  10 iguanas
  4 polar bear simulacra (IceCv)
  6 worker ants
  A troll simulacrum (IceCv)
  3 centaur simulacra (IceCv)
  An ogre zombie (Crypt:3)
  An acid dragon zombie (Crypt:2)
  A felid zombie (Crypt:1)
  4 hound zombies
  A tengu skeleton (Crypt:3)
  A dwarf skeleton (Crypt:1)
  2 hound skeletons
  A mummy (Crypt:1)
  2 worker ant zombies
  25 adders
  7 gnolls
  3 naga simulacra (IceCv)
  2 river rats (Lair:5)
  A howler monkey skeleton (D:5)
  4 ogre simulacra (IceCv)
  2 shadow imps
  12 white imps
  4 ufetubi
  6 oozes
  An iguana zombie (Crypt:2)
  A lava snake skeleton (Crypt:1)
  2 adder skeletons
  A worm (shapeshifter) (D:15)
  2 dart slugs
  2 worms
  4 leopard geckos
  93 orcs
  7 ball pythons
  6 giant cockroaches
  14 goblins
  4 hobgoblins
  13 jackals
  3 quokkas
  11 bats
  4 frilled lizards
  A goblin zombie (Crypt:1)
  A jackal skeleton (D:4)
  A jackal zombie (D:7)
  38 kobolds
  3 leopard gecko zombies
  A quokka skeleton (D:4)
  10 rats
  4 crawling corpses
2741 creatures vanquished.

Vanquished Creatures (collateral kills)
  Khufu (Crypt:1)
  A curse toe (Zot:3)
  5 Orb Guardians (Zot:5)
  An ironheart preserver (Vaults:4)
  A draconian stormcaller (Zot:4)
  A stone giant (Vaults:5)
  A yellow draconian (Zot:4)
  A hydra (D:11)
  An ogre mage (Vaults:5)
  A deep troll shaman (Vaults:4)
  A dancing weapon (Elf:3)
  A deep elf knight (Elf:3)
  An orc knight (Vaults:2)
  2 deep elf magi (Elf:3)
  A necromancer (Crypt:2)
  A moth of wrath (Zot:5)
  A freezing wraith (Vaults:4)
  A merfolk (Shoals:3)
  A warg (Vaults:5)
  An orc warrior (Vaults:2)
  An ogre (Vaults:5)
  An orc (Vaults:2)
27 creatures vanquished.

Vanquished Creatures (others)
  A vampire knight (Depths:1)
  A merfolk aquamancer (Shoals:4)
  A deep elf knight (Elf:2)
  A harpy (Shoals:4)
  An air elemental (Elf:3)
  2 humans
  2 nagas
  4 killer bees (Lair:5)
  2 white imps (IceCv)
  3 ufetubi (IceCv)
  A kobold (D:13)
  A bush (Lair:5)
  A crawling corpse (Elf:3)
  39 fungi
  116 plants
  A snaplasher vine (Vaults:4)
  4 starspawn tentacles (Snake:2)
  12 withered plants
193 creatures vanquished.

Grand Total: 2961 creatures vanquished

Notes
Turn   | Place    | Note
-------+----------+-------------------------------------------
     0 | D:1      | taqueso the Merfolk Fighter began the quest for the Orb.
     0 | D:1      | Reached XP level 1. HP: 18/18 MP: 1/1
   231 | D:1      | Reached XP level 2. HP: 22/24 MP: 2/2
   512 | D:1      | Reached XP level 3. HP: 29/29 MP: 3/3
   705 | D:2      | Reached skill level 4 in Polearms
   716 | D:2      | Noticed Terence
   738 | D:2      | Killed Terence
   738 | D:2      | Reached XP level 4. HP: 31/35 MP: 4/4
   895 | D:2      | Reached skill level 5 in Polearms
   998 | D:2      | Reached XP level 5. HP: 31/41 MP: 5/5
  1467 | D:2      | Noticed an ogre
  1475 | D:2      | Killed an ogre
  1475 | D:2      | Reached skill level 6 in Polearms
  1475 | D:2      | Reached skill level 1 in Throwing
  1713 | D:2      | Reached XP level 6. HP: 46/48 MP: 6/6
  1937 | D:3      | Noticed Jessica
  1943 | D:3      | Killed Jessica
  1999 | D:3      | Noticed Sigmund
  2017 | D:3      | Killed Sigmund
  2017 | D:3      | Reached skill level 7 in Polearms
  2017 | D:3      | Reached skill level 1 in Dodging
  2017 | D:3      | Reached XP level 7. HP: 40/53 MP: 7/7
  2573 | D:3      | Found a runed translucent door.
  2574 | D:3      | Noticed Crazy Yiuf
  2583 | D:3      | Killed Crazy Yiuf
  2903 | D:4      | Reached skill level 8 in Polearms
  3122 | D:4      | Noticed a two-headed ogre
  3126 | D:4      | Noticed a shining eye
  3126 | D:4      | a two-headed ogre changed into a shining eye
  3130 | D:4      | Gained mutation: Armour fits poorly on your strangely
                  | shaped body. [a shining eye]
  3137 | D:4      | Gained mutation: You do not regenerate when monsters are
                  | visible. [a shining eye]
  3140 | D:4      | Gained mutation: Your body sometimes deteriorates upon
                  | taking damage. [a shining eye]
  3141 | D:4      | Killed a shining eye
  3141 | D:4      | Reached skill level 9 in Polearms
  3141 | D:4      | Reached XP level 8. HP: 60/60 MP: 8/8
  3155 | D:4      | Found a broken altar of Ashenzari.
  3500 | D:5      | Entered Level 5 of the Dungeon
  3540 | D:5      | Reached skill level 10 in Polearms
  3659 | D:5      | Found an ancient bone altar of Kikubaaqudgha.
  3926 | D:5      | Noticed Gigglenaut's ghost (novice OgIE)
  3947 | D:5      | Found a transporter.
  3949 | D:5      | Found a transporter.
  4167 | D:5      | Found an ornate altar of the Wu Jian Council.
  4367 | D:6      | Noticed Grinder
  4377 | D:5      | Killed Grinder
  4377 | D:5      | Reached skill level 11 in Polearms
  4540 | D:6      | Found a basalt altar of Yredelemnul.
  4559 | D:6      | Found a shadowy altar of Dithmenos.
  4603 | D:6      | Reached XP level 9. HP: 47/66 MP: 9/9
  4845 | D:6      | Found an iron altar of Okawaru.
  5010 | D:6      | Found a white marble altar of Elyvilon.
  5175 | D:6      | Became a worshipper of Warmaster Okawaru
  5223 | D:7      | Reached skill level 12 in Polearms
  5610 | D:7      | Found Dixacruc's Antique Weapon Shoppe.
  5647 | D:7      | Reached skill level 5 in Fighting
  5785 | D:7      | Found Raergh's Assorted Antiques.
  5788 | D:7      | Bought a scroll labeled FULOETALYI for 33 gold pieces
  5788 | D:7      | Bought a scroll of identify for 66 gold pieces
  5788 | D:7      | Bought a scroll labeled VUFEUB LERGH for 33 gold pieces
  5845 | D:7      | Found Xethiem's Antique Weapon Boutique.
  5906 | D:7      | Reached skill level 5 in Shields
  5906 | D:7      | Reached skill level 1 in Evocations
  5958 | D:7      | Found a runed translucent door.
  5962 | D:7      | Found a runed translucent door.
  5962 | D:7      | Noticed a troll
  5980 | D:7      | a troll changed into a yak
  6009 | D:7      | Lost mutation: You do not regenerate when monsters are
                  | visible. [potion of mutation]
  6009 | D:7      | Lost mutation: Armour fits poorly on your strangely shaped
                  | body. [potion of mutation]
  6009 | D:7      | Gained mutation: You are frail. (-10% HP) [potion of
                  | mutation]
  6009 | D:7      | Gained mutation: Your mind is acute. (Int +2) [potion of
                  | mutation]
  6067 | D:7      | Noticed a troll
  6103 | D:7      | Killed a troll
  6103 | D:7      | Reached * piety under Okawaru
  6297 | D:7      | Reached skill level 13 in Polearms
  6335 | D:7      | Found a staircase to the Ecumenical Temple.
  6341 | Temple   | Entered the Ecumenical Temple
  6625 | D:7      | Found Quyfe's General Store.
  6631 | D:7      | Bought 2 scrolls of enchant armour for 240 gold pieces
  6631 | D:7      | Bought a scroll of teleportation for 48 gold pieces
  6865 | D:7      | Noticed a cyclops
  6898 | D:7      | Killed an unseen horror
  6898 | D:7      | Reached XP level 10. HP: 19/68 MP: 10/10
  7597 | D:7      | Lost mutation: Your body sometimes deteriorates upon taking
                  | damage. [potion of mutation]
  7597 | D:7      | Lost mutation: You are frail. (-10% HP) [potion of
                  | mutation]
  7597 | D:7      | Gained mutation: You do not regenerate when monsters are
                  | visible. [potion of mutation]
  7597 | D:7      | Gained mutation: Your flesh is cold resistant. (rC+)
                  | [potion of mutation]
  7622 | D:7      | Killed a cyclops
  7622 | D:7      | Reached ** piety under Okawaru
  7622 | D:7      | Reached skill level 14 in Polearms
  7622 | D:7      | Reached skill level 1 in Invocations
  8477 | D:8      | Noticed Joseph
  8498 | D:8      | Killed Joseph
  9234 | D:9      | Noticed Gastronok
  9496 | D:9      | Found a flagged portal.
  9527 | Bailey   | Entered a bailey
  9647 | Bailey   | Got a smoking whip
  9662 | Bailey   | Reached *** piety under Okawaru
  9833 | Bailey   | Found an iron altar of Okawaru.
 10004 | D:9      | Noticed Erica
 10004 | D:9      | Noticed a two-headed ogre
 10017 | D:9      | Killed a two-headed ogre
 10021 | D:9      | Killed Erica
 10021 | D:9      | Reached skill level 15 in Polearms
 10021 | D:9      | Reached skill level 5 in Throwing
 10021 | D:9      | Reached XP level 11. HP: 61/81 MP: 13/13
 10419 | D:9      | Killed Gastronok
 10419 | D:9      | Reached **** piety under Okawaru
 10419 | D:9      | Reached ***** piety under Okawaru
 10419 | D:9      | Reached skill level 5 in Evocations
 10536 | D:9      | Noticed Psyche
 10540 | D:9      | Killed Psyche
 10690 | D:10     | Entered Level 10 of the Dungeon
 10754 | D:10     | Received a gift from Okawaru
 10883 | D:10     | Reached skill level 16 in Polearms
 10922 | D:10     | Found Ypibou's Armour Boutique.
 10928 | D:10     | Found a staircase to the Orcish Mines.
 10930 | D:10     | Found Harirusm's Weapon Boutique.
 10941 | D:10     | Bought a +2 chain mail of magic resistance for 301 gold
                  | pieces
 11160 | D:10     | Received a gift from Okawaru
 11380 | D:10     | Identified the +1 whip "Coipp" {vamp, rN+} (You found it in
                  | a bailey)
 11733 | D:10     | Identified the Guide on Shifting Translocation
 12023 | D:11     | Noticed a manticore
 12034 | D:11     | Killed a manticore
 12262 | D:11     | Noticed a four-headed hydra
 12268 | D:11     | Killed a four-headed hydra
 12268 | D:11     | Reached XP level 12. HP: 88/88 MP: 14/14
 12283 | D:11     | Found Tosuxtiff's Gadget Emporium.
 12379 | D:11     | Reached skill level 17 in Polearms
 12433 | D:11     | Found a staircase to the Lair.
 12436 | D:11     | Noticed Maurice
 12859 | D:11     | Noticed Josephine
 13205 | D:11     | Received a gift from Okawaru
 13217 | D:11     | Got a translucent demon trident {god gift}
 13218 | D:11     | Identified the +8 demon trident of the Eternal Void
                  | {vorpal, *Drain Int+5} (Okawaru gifted it to you on level
                  | 11 of the Dungeon)
 13319 | D:11     | Noticed a two-headed ogre
 13326 | D:11     | Killed a two-headed ogre
 13398 | D:11     | Killed Josephine
 13425 | D:11     | Killed Maurice
 13718 | D:12     | Found Lonworeo's Jewellery Boutique.
 13867 | Lair:1   | Entered Level 1 of the Lair of Beasts
 13867 | Lair:1   | Found a gate leading to a gauntlet.
 13877 | Lair:1   | Noticed a seven-headed hydra
 13885 | Lair:1   | Killed a seven-headed hydra
 13885 | Lair:1   | Reached skill level 18 in Polearms
 13961 | Gauntlet | Entered a Gauntlet
 13961 | Gauntlet | Found a transporter.
 13961 | Gauntlet | Found a transporter.
 13973 | Gauntlet | Found a transporter.
 13977 | Gauntlet | Found a transporter.
 13987 | Gauntlet | Found a transporter.
 13989 | Gauntlet | Found a transporter.
 13998 | Gauntlet | Found a transporter.
 13998 | Gauntlet | Noticed a hell hog
 14014 | Gauntlet | Noticed an entropy weaver
 14017 | Gauntlet | Found a transporter.
 14035 | Gauntlet | Found a transporter.
 14039 | Gauntlet | Found a transporter.
 14043 | Gauntlet | Found a runed translucent door.
 14045 | Gauntlet | Found a runed translucent door.
 14047 | Gauntlet | Found a transporter.
 14051 | Gauntlet | Found a transporter.
 14106 | Gauntlet | Reached skill level 10 in Throwing
 14150 | Gauntlet | Reached skill level 5 in Armour
 14190 | Gauntlet | Received a gift from Okawaru
 14243 | Gauntlet | Killed a hell hog
 14310 | Gauntlet | Got a pair of bloodstained gloves
 14321 | Gauntlet | Identified the +0 pair of gloves of Restlessness {rElec
                  | Regen+ Dex+4} (You found it in a Gauntlet)
 14370 | Gauntlet | Noticed a minotaur
 14383 | Gauntlet | HP: 4/132 [minotaur (20)]
 14384 | Gauntlet | HP: 1/132 [minotaur (10)]
 14387 | Gauntlet | Killed a minotaur
 14602 | Lair:1   | Lost mutation: Your mind is acute. (Int +2) [potion of
                  | mutation]
 14602 | Lair:1   | Lost mutation: Your flesh is cold resistant. (rC+) [potion
                  | of mutation]
 14602 | Lair:1   | Gained mutation: You occasionally shout uncontrollably at
                  | your foes. [potion of mutation]
 14602 | Lair:1   | Gained mutation: You are resistant to electric shocks.
                  | (rElec) [potion of mutation]
 14602 | Lair:1   | Gained mutation: You expend magic power (3 MP) to
                  | strengthen your wands. [potion of mutation]
 14615 | Lair:1   | Reached XP level 13. HP: 73/93 MP: 15/15
 14882 | Lair:1   | Received a gift from Okawaru
 14886 | Lair:1   | Got a pair of faintly glowing gloves {god gift}
 14897 | Lair:1   | Identified the +2 pair of gloves of the Blind Marksman {rF+
                  | Str-4 Int+8 Dex+4} (Okawaru gifted it to you on level 1 of
                  | the Lair of Beasts)
 14972 | Lair:1   | Reached ****** piety under Okawaru
 15536 | Lair:2   | Lost mutation: You occasionally shout uncontrollably at
                  | your foes. [potion of mutation]
 15536 | Lair:2   | Lost mutation: You expend magic power (3 MP) to strengthen
                  | your wands. [potion of mutation]
 15536 | Lair:2   | Lost mutation: You are resistant to electric shocks.
                  | (rElec) [potion of mutation]
 15536 | Lair:2   | Gained mutation: You are partially covered in rugged brown
                  | scales. (AC +1, +3% HP) [potion of mutation]
 15536 | Lair:2   | Gained mutation: Your movements are slightly less
                  | encumbered by armour. (ER -2) [potion of mutation]
 15536 | Lair:2   | Gained mutation: Your spells are a little harder to cast,
                  | but a little more powerful. [potion of mutation]
 15800 | Lair:2   | You fall into a shaft and drop 2 floors!
 15905 | Lair:3   | Found a staircase to the Snake Pit.
 15936 | Lair:3   | Found a dark tunnel.
 15955 | Volcano  | Entered a volcano
 16131 | Volcano  | Found a burning altar of Makhleb.
 16170 | Volcano  | Received a gift from Okawaru
 17137 | Lair:2   | Reached skill level 10 in Armour
 17782 | Lair:4   | Found a staircase to the Shoals.
 17919 | Lair:4   | Reached XP level 14. HP: 89/104 MP: 16/16
 18071 | Lair:4   | Reached skill level 5 in Dodging
 18312 | Lair:5   | Found a shimmering altar of Xom.
 18561 | Lair:5   | Received a gift from Okawaru
 19433 | Lair:6   | Entered Level 6 of the Lair of Beasts
 19571 | Lair:6   | Noticed Sonja
 19578 | Lair:6   | Killed Sonja
 19690 | Lair:6   | Reached skill level 10 in Fighting
 19713 | Lair:6   | Reached skill level 10 in Dodging
 19776 | Lair:6   | Received a gift from Okawaru
 19975 | Lair:6   | Reached XP level 15. HP: 114/118 MP: 17/17
 20196 | Lair:6   | Reached skill level 1 in Stealth
 20254 | Lair:6   | Found a viscous altar of Jiyva.
 20254 | Lair:6   | Found a staircase to the Slime Pits.
 20266 | Lair:6   | Received a gift from Okawaru
 20289 | Lair:6   | Reached skill level 5 in Stealth
 20292 | Lair:6   | Got a polished scale mail {god gift}
 20303 | Lair:6   | Identified the +6 scale mail "Joutas Nad" {rPois Regen+
                  | Dex+2} (Okawaru gifted it to you on level 6 of the Lair of
                  | Beasts)
 21205 | D:5      | Killed Gigglenaut's ghost
 21284 | D:7      | Bought an uncursed amulet of reflection for 480 gold pieces
 21875 | D:12     | Reached skill level 10 in Stealth
 21896 | D:12     | Found a corrupted altar of Lugonu.
 22178 | D:12     | Bought the ring "Quhaxkoqio" {Str+3 SInv} for 311 gold
                  | pieces
 22454 | D:12     | Identified the Papyrus of Entrancing Companions
 22454 | D:12     | Identified Agoun's Catalogue of the Rocks and Hexes
 23094 | D:13     | Received a gift from Okawaru
 23372 | D:13     | Got a crude trident
 23374 | D:13     | Identified the cursed +1 trident of Beithinemm {speed, MR+
                  | Stlth+} (You found it on level 13 of the Dungeon)
 23650 | D:14     | Found a gate to the Vaults.
 23700 | D:14     | Reached skill level 15 in Stealth
 23919 | D:14     | Noticed Louise
 23942 | D:14     | Killed Louise
 24270 | D:14     | Found Wiynoa's Antique Armour Shop.
 24471 | D:15     | Entered Level 15 of the Dungeon
 24495 | D:14     | Reached XP level 16. HP: 54/125 MP: 16/18
 24590 | D:15     | Received a gift from Okawaru
 24677 | D:15     | Reached skill level 5 in Invocations
 24791 | D:15     | Received a gift from Okawaru
 25140 | D:15     | Noticed Rupert
 25144 | D:15     | Paralysed by Rupert for 2 turns
 25240 | D:15     | Killed Rupert
 25505 | D:15     | Received a gift from Okawaru
 25514 | D:15     | Found a staircase to the Depths.
 25654 | D:15     | Found a shimmering blue altar of Sif Muna.
 26040 | Orc:1    | Entered Level 1 of the Orcish Mines
 26889 | Orc:2    | Entered Level 2 of the Orcish Mines
 27177 | Orc:2    | Reached skill level 10 in Evocations
 27211 | Orc:2    | Received a gift from Okawaru
 27252 | Orc:2    | Reached skill level 19 in Polearms
 27482 | Orc:2    | Reached XP level 17. HP: 124/131 MP: 21/21
 27499 | Orc:2    | Found Gicew's Assorted Antiques.
 27509 | Orc:2    | Found Kufaef Wegi's Antique Armour Boutique.
 27517 | Orc:2    | Found Ipol's Distillery.
 27544 | Orc:2    | Reached skill level 20 in Polearms
 27572 | Orc:2    | Found Johoajagra's Gadget Boutique.
 27576 | Orc:2    | Bought a wand of digging (7) for 216 gold pieces
 27594 | Orc:2    | Received a gift from Okawaru
 27597 | Orc:2    | Identified the +4 pair of gloves "Cuimarotzo" {+Inv rC+
                  | Slay+2} (Okawaru gifted it to you on level 2 of the Orcish
                  | Mines)
 27651 | Orc:2    | Found a roughly hewn altar of Beogh.
 27667 | Orc:2    | Bought a potion of mutation for 120 gold pieces
 27667 | Orc:2    | Lost mutation: You do not regenerate when monsters are
                  | visible. [potion of mutation]
 27667 | Orc:2    | Lost mutation: Your spells are a little harder to cast, but
                  | a little more powerful. [potion of mutation]
 27667 | Orc:2    | Lost mutation: Your movements are slightly less encumbered
                  | by armour. (ER -2) [potion of mutation]
 27667 | Orc:2    | Gained mutation: You are partially covered in molten
                  | scales. (AC +2) [potion of mutation]
 27667 | Orc:2    | Gained mutation: Your flesh is cold resistant. (rC+)
                  | [potion of mutation]
 28062 | Orc:2    | Found a staircase to the Elven Halls.
 28347 | Shoals:1 | Entered Level 1 of the Shoals
 28486 | Shoals:1 | Found a frozen archway.
 28630 | IceCv    | Entered an ice cave
 28718 | IceCv    | Found the amulet of the Four Winds {rN+ MR+++ Clar}
 28853 | IceCv    | Got a crude leather armour
 29175 | IceCv    | Noticed an Ice Fiend
 29203 | IceCv    | Killed an Ice Fiend
 29296 | IceCv    | Got a transparent pewter ring
 29333 | Shoals:1 | Identified the ring of Poehet {Ice MR+ Str+2} (You found it
                  | in an ice cave)
 29369 | Shoals:1 | Found a glowing golden altar of the Shining One.
 29672 | Shoals:1 | Found Leasaik's Armour Emporium.
 29795 | Shoals:1 | Reached skill level 10 in Shields
 31181 | Shoals:2 | Found Beruf's Distillery.
 31814 | Shoals:3 | Received a gift from Okawaru
 32244 | Shoals:3 | Found a transporter.
 32244 | Shoals:3 | Noticed Gigglenaut's ghost (adept DsNe)
 32250 | Shoals:3 | Found a transporter.
 32733 | Shoals:4 | Entered Level 4 of the Shoals
 33112 | Shoals:4 | Received a gift from Okawaru
 33251 | Shoals:4 | Found a sparkling altar of Nemelex Xobeh.
 33307 | Shoals:4 | Reached XP level 18. HP: 81/148 MP: 20/22
 33505 | Shoals:4 | Got a barnacled rune of Zot
 34288 | Shoals:4 | Received a gift from Okawaru
 34667 | Shoals:4 | Noticed Ilsuiw
 34714 | Shoals:4 | Killed Ilsuiw
 34755 | Shoals:4 | Identified the ring "Gonion" {+Fly rCorr Slay+2}
 35089 | Shoals:4 | Found a snail-covered altar of Cheibriados.
 35189 | Shoals:4 | Found the ring of Shadows {Umbra +Inv Stlth+}
 35623 | Snake:1  | Entered Level 1 of the Snake Pit
 35762 | Snake:1  | Received a gift from Okawaru
 35841 | Snake:1  | Reached skill level 21 in Polearms
 36121 | Snake:1  | Received a gift from Okawaru
 36768 | Snake:2  | Noticed Aizul
 36769 | Snake:2  | Noticed Kirke
 36785 | Snake:2  | Killed Aizul
 36796 | Snake:2  | Killed Kirke
 36918 | Snake:2  | Found a transporter.
 36919 | Snake:2  | Found a transporter.
 36988 | Snake:2  | Noticed Maodom's ghost (adept DrTm)
 36989 | Snake:2  | You fall into a shaft and drop 1 floor!
 37107 | Snake:3  | Received a gift from Okawaru
 37308 | Snake:3  | Reached XP level 19. HP: 147/156 MP: 23/23
 37435 | Snake:2  | Reached skill level 22 in Polearms
 37466 | Snake:2  | Paralysed by accursed screaming for 1 turns
 37474 | Snake:2  | Paralysed by accursed screaming for 2 turns
 37515 | Snake:2  | Identified the +10 glaive "Atoghuy" {distort, *Contam Str+6
                  | Dex+3}
 37549 | Snake:2  | Killed Maodom's ghost
 37630 | Snake:2  | Found a one-way gate to the infinite horrors of the Abyss.
 37966 | Snake:2  | Noticed Vashnia
 38005 | Snake:2  | Received a gift from Okawaru
 38089 | Snake:2  | Killed Vashnia
 39072 | Snake:4  | Entered Level 4 of the Snake Pit
 39098 | Snake:4  | Reached skill level 23 in Polearms
 39209 | Snake:4  | Found Povol's Antique Armour Boutique.
 39321 | Snake:4  | Found Yrafoffu's Armour Shoppe.
 39321 | Snake:4  | Found Sumnui Zauc's Armour Emporium.
 39795 | Snake:4  | Found a runed translucent door.
 39796 | Snake:4  | Noticed Gyodafin's ghost (journeyman DEWz)
 40017 | Snake:4  | Killed Gyodafin's ghost
 40551 | Snake:4  | Received a gift from Okawaru
 40587 | Snake:4  | Received a gift from Okawaru
 40830 | Snake:4  | Reached XP level 20. HP: 159/163 MP: 26/26
 40878 | Snake:4  | Received a gift from Okawaru
 41061 | Snake:4  | Got a serpentine rune of Zot
 41113 | Snake:4  | Learned a level 2 spell: Blink
 41208 | Snake:2  | Received a gift from Okawaru
 41324 | Shoals:1 | Bought a +2 kite shield of reflection for 240 gold pieces
 41512 | D:7      | Bought 3 scrolls of enchant armour for 360 gold pieces
 41512 | D:7      | Bought a potion of haste for 160 gold pieces
 41654 | Elf:1    | Entered Level 1 of the Elven Halls
 41686 | Elf:1    | Found Xuhu's Magic Scroll Shop.
 41694 | Elf:1    | Bought a scroll of enchant armour for 142 gold pieces
 41950 | Elf:1    | Received a gift from Okawaru
 41951 | Elf:1    | Got a polished trident {god gift}
 42372 | Elf:1    | Reached skill level 10 in Invocations
 42570 | Elf:2    | Noticed Tenaya's ghost (journeyman FoAK)
 42596 | Elf:2    | Found a runed translucent gate.
 42596 | Elf:2    | Found a runed translucent gate.
 42600 | Elf:2    | Identified Roxanne's Collected Works on Earth
 42600 | Elf:2    | Noticed Roxanne
 42645 | Elf:2    | Killed Roxanne
 42715 | Elf:2    | Found the ring of the Octopus King
 42718 | Elf:2    | Got a ring of the Octopus King
 42746 | Elf:2    | Identified a ring of the Octopus King {Wiz AC+1 EV+1 Str+1
                  | Int+1 Dex+1} (You found it on level 2 of the Elven Halls)
 42749 | Elf:2    | Found a runed translucent gate.
 43114 | Elf:2    | Received a gift from Okawaru
 43117 | Elf:2    | Identified the +0 pair of gloves "Uwyzuuck" {Dex+4}
                  | (Okawaru gifted it to you on level 2 of the Elven Halls)
 43233 | Elf:2    | Found a huge runed translucent gate.
 43233 | Elf:2    | Found a huge runed translucent gate.
 43233 | Elf:2    | Found a huge runed translucent gate.
 43234 | Elf:2    | Found a huge runed translucent gate.
 43235 | Elf:2    | Found a huge runed translucent gate.
 43807 | Elf:3    | Entered Level 3 of the Elven Halls
 43911 | Elf:3    | Found a transporter.
 43915 | Elf:3    | Noticed Hienro's ghost (adept TrBe)
 44217 | Elf:3    | Identified the +2 robe of Senate {rC+}
 44233 | Elf:3    | Reached XP level 21. HP: 169/169 MP: 28/28
 44236 | Elf:3    | Reached skill level 15 in Throwing
 44245 | Elf:3    | Received a gift from Okawaru
 44553 | Elf:3    | Found a transporter.
 45377 | Elf:3    | Found the +0 staff of Battle
 45377 | Elf:3    | Identified the +2 leather armour of Delightful Birdsong
                  | {Str+2 SInv}
 45459 | Elf:3    | Received a gift from Okawaru
 45475 | Elf:3    | Identified the Catalogue of the Mountains
 45544 | Elf:3    | Identified the cursed ring of the King {rPois rF- Str+5
                  | Int+4 Slay-4} (You found it on level 3 of the Elven Halls)
 46183 | Shoals:3 | Killed Gigglenaut's ghost
 46189 | Shoals:3 | Got a bound lead ring
 46191 | Shoals:3 | Identified the ring of the Present {Dex+4 SInv Stlth+} (You
                  | found it on level 3 of the Shoals)
 46594 | Elf:2    | Killed Tenaya's ghost
 46699 | Elf:3    | Received a gift from Okawaru
 46707 | Elf:3    | Reached skill level 15 in Shields
 46752 | Elf:3    | Killed Hienro's ghost
 46752 | Elf:3    | Reached skill level 1 in Spellcasting
 46752 | Elf:3    | Reached skill level 1 in Translocations
 46822 | Elf:3    | Identified Eddoas's Guide on Creative Stones
 46855 | Elf:3    | Learned a level 1 spell: Apportation
 47107 | Depths:1 | Entered Level 1 of the Depths
 47128 | Depths:1 | Received a gift from Okawaru
 47418 | Depths:1 | Found a gateway to Hell.
 47993 | Depths:1 | Reached skill level 5 in Spellcasting
 47993 | Depths:1 | Reached XP level 22. HP: 153/177 MP: 29/29
 48077 | Depths:1 | Reached skill level 5 in Translocations
 48470 | Depths:1 | Received a gift from Okawaru
 48669 | Depths:1 | Found Oscheucu's Gadget Shop.
 48671 | Depths:1 | Found Teiwn's Jewellery Shoppe.
 48672 | Depths:1 | Found Yhiadgh's Gadget Shop.
 48679 | Depths:1 | Bought a cursed ring of attention for 72 gold pieces
 48737 | Depths:2 | Received a gift from Okawaru
 48894 | Depths:2 | Received a gift from Okawaru
 49297 | Depths:2 | Found a one-way gate leading to the halls of Pandemonium.
 49543 | Depths:2 | Received a gift from Okawaru
 49564 | Depths:2 | Got a smoking hat {god gift}
 49575 | Depths:2 | Identified the +2 hat of Ixtenas {Harm +Inv rElec} (Okawaru
                  | gifted it to you on level 2 of the Depths)
 50306 | Depths:3 | Reached skill level 15 in Evocations
 50393 | Depths:3 | Reached XP level 23. HP: 183/183 MP: 30/30
 50552 | Depths:3 | Found the ring of Robustness {AC+8}
 51963 | Depths:3 | Found a runed door.
 52064 | Depths:3 | Received a gift from Okawaru
 52094 | Depths:3 | Got a pair of faintly humming boots {god gift}
 52161 | Depths:3 | Identified the +0 pair of boots of Esoatz {Slay+6 Stlth+}
                  | (Okawaru gifted it to you on level 3 of the Depths)
 52289 | Depths:3 | Noticed an ancient lich
 52291 | Depths:3 | Noticed an ancient lich
 52299 | Depths:3 | Killed an ancient lich
 52313 | Depths:3 | Killed an ancient lich
 52344 | Depths:3 | Identified Ofohix's Catalogue of Shape Shifting and
                  | Conjuration
 52357 | Depths:3 | Got a black opal-encrusted chain mail
 52368 | Depths:3 | Identified the +1 chain mail of Mezcal {Dex+3} (You found
                  | it on level 3 of the Depths)
 52400 | Depths:3 | Identified 2 scrolls of acquirement
 52400 | Depths:3 | Acquired 909 gold pieces
 52401 | Depths:3 | Acquired 798 gold pieces
 52750 | Depths:4 | Found a gateway to a ziggurat.
 53345 | Depths:4 | Received a gift from Okawaru
 53360 | Depths:4 | Reached XP level 24. HP: 190/190 MP: 30/30
 53428 | Depths:4 | Found a runed translucent door.
 53440 | Depths:4 | Found a runed translucent door.
 53487 | Depths:4 | Received a gift from Okawaru
 53879 | Depths:4 | Received a gift from Okawaru
 53940 | Depths:4 | Received a gift from Okawaru
 54210 | Depths:5 | Entered Level 5 of the Depths
 54407 | Depths:5 | Reached skill level 15 in Armour
 54441 | Depths:5 | Found a transporter.
 54602 | Depths:5 | Found a gate to the Realm of Zot.
 54654 | Depths:5 | Found a transporter.
 54715 | Depths:5 | Received a gift from Okawaru
 54809 | Depths:5 | Identified the ring "Zeawno" {*Tele rPois Dex+2} (You found
                  | it on level 5 of the Depths)
 54821 | Depths:5 | Noticed a juggernaut
 54836 | Depths:5 | Killed a juggernaut
 54969 | Depths:5 | Received a gift from Okawaru
 54992 | Depths:5 | Found Ekyf's Distillery.
 55005 | Depths:5 | Bought 2 potions of curing for 126 gold pieces
 55005 | Depths:5 | Bought a potion of heal wounds for 105 gold pieces
 55005 | Depths:5 | Bought a potion of curing for 63 gold pieces
 55005 | Depths:5 | Bought 2 potions of haste for 420 gold pieces
 55018 | Depths:5 | Identified the ring of Irhipt {rN+++ AC+4 Str-5 Int-3
                  | Dex+7}
 55020 | Depths:5 | Noticed Saint Roka
 55050 | Depths:5 | Killed Saint Roka
 55052 | Depths:5 | Noticed a juggernaut
 55075 | Depths:5 | Killed a juggernaut
 55079 | Depths:5 | Received a gift from Okawaru
 55215 | Depths:5 | Reached XP level 25. HP: 195/196 MP: 30/30
 55232 | Depths:5 | Found Xuffyher's Assorted Antiques.
 55265 | Depths:5 | Bought a scroll of acquirement for 1872 gold pieces
 55265 | Depths:5 | Acquired a manual of Evocations
 55319 | Depths:5 | Identified the ring of Fitid {rF- rC+ EV+4 Str+2 Int+3}
                  | (You found it on level 5 of the Depths)
 55597 | Vaults:1 | Entered Level 1 of the Vaults
 56194 | Vaults:1 | Received a gift from Okawaru
 56931 | Vaults:2 | Found a magical portal.
 56949 | WizLab   | Entered The Hall of the Hellbinder
 56961 | WizLab   | Gained mutation: You are dopey. (Int -2) [a neqoxec]
 56971 | WizLab   | Gained mutation: Your spells are a little easier to cast,
                  | but a little less powerful. [a neqoxec]
 57019 | WizLab   | Received a gift from Okawaru
 57263 | WizLab   | Identified the ring "Loaxoch" {rPois rF++ rC+ rCorr Int-4}
 57324 | WizLab   | Found a burning altar of Makhleb.
 57362 | WizLab   | Identified the Volume of the Entourage
 57365 | WizLab   | Got a faintly glowing iron ring
 57368 | WizLab   | Identified the ring "Sasaduo" {rF+ rN+ MR+ Slay+3 SInv}
                  | (You found it in a wizard's laboratory)
 57444 | Vaults:2 | Lost mutation: You are dopey. (Int -2) [potion of mutation]
 57444 | Vaults:2 | Lost mutation: Your spells are a little easier to cast, but
                  | a little less powerful. [potion of mutation]
 57444 | Vaults:2 | Gained mutation: Your flesh is very cold resistant. (rC++)
                  | [potion of mutation]
 57444 | Vaults:2 | Gained mutation: You are resistant to hostile enchantments.
                  | (MR+) [potion of mutation]
 57923 | Vaults:2 | Received a gift from Okawaru
 58127 | Vaults:2 | Noticed an ancient lich
 58127 | Vaults:2 | Noticed Gigglenaut's ghost (adept DsFE)
 58128 | Vaults:2 | Found a runed translucent gate.
 58128 | Vaults:2 | Noticed Violenta's ghost (adept GrEE)
 58129 | Vaults:2 | Found a runed translucent gate.
 58129 | Vaults:2 | Found a runed translucent gate.
 58129 | Vaults:2 | Found an ancient bone altar of Kikubaaqudgha.
 58129 | Vaults:2 | Noticed Ykecuik's ghost (veteran DsBe)
 58282 | Vaults:2 | Received a gift from Okawaru
 58469 | Vaults:2 | Reached skill level 1 in Summonings
 59013 | Vaults:2 | Killed Ykecuik's ghost
 59013 | Vaults:2 | Reached skill level 5 in Summonings
 59103 | Vaults:2 | Killed Violenta's ghost
 59122 | Vaults:2 | Killed Gigglenaut's ghost
 59234 | Vaults:2 | Acquired a manual of Translocations
 59235 | Vaults:2 | Acquired a manual of Ice Magic
 59236 | Vaults:2 | Acquired 867 gold pieces
 59243 | Vaults:2 | Identified the cursed -3 pair of gloves of Getes {*Corrode
                  | rN+++ MR- Int+2} (You found it on level 2 of the Vaults)
 59248 | Vaults:2 | Got a vibrating platinum amulet
 59249 | Vaults:2 | Identified the amulet "Dawyam" {Spirit MR+ Str+2} (You
                  | found it on level 2 of the Vaults)
 59291 | Vaults:2 | Killed an ancient lich
 59291 | Vaults:2 | Received a gift from Okawaru
 59291 | Vaults:2 | Reached XP level 26. HP: 199/203 MP: 30/30
 59550 | Vaults:3 | Received a gift from Okawaru
 59555 | Vaults:3 | Reached skill level 10 in Summonings
 59750 | Vaults:3 | Found a staircase to the Crypt.
 59843 | Vaults:3 | Received a gift from Okawaru
 60552 | Vaults:4 | Reached skill level 15 in Summonings
 60695 | Vaults:4 | Noticed Xtahua
 60709 | Vaults:4 | Killed Xtahua
 60709 | Vaults:4 | Received a gift from Okawaru
 60710 | Vaults:4 | Got a warped scale mail {god gift}
 60711 | Vaults:4 | Identified the +6 scale mail of a ziggurat {+Inv Int-4
                  | Slay+3} (Okawaru gifted it to you on level 4 of the Vaults)
 60897 | Vaults:4 | Noticed Margery
 60926 | Vaults:4 | Killed Margery
 60952 | Vaults:4 | Noticed Sojobo
 60970 | Vaults:4 | Killed Sojobo
 61151 | Vaults:4 | Acquired a +1 pair of boots of running
 61807 | Vaults:4 | Learned a level 5 spell: Summon Forest
 61839 | Vaults:4 | Reached skill level 1 in Necromancy
 62008 | Vaults:4 | Found an ancient bone altar of Kikubaaqudgha.
 62177 | Vaults:4 | Reached skill level 5 in Necromancy
 62357 | Vaults:5 | Entered Level 5 of the Vaults
 62601 | Vaults:4 | Reached XP level 27. HP: 180/210 MP: 30/30
 62669 | Vaults:5 | Reached skill level 10 in Necromancy
 62745 | Vaults:5 | Received a gift from Okawaru
 62745 | Vaults:5 | Reached skill level 1 in Ice Magic
 62865 | Vaults:5 | Reached skill level 5 in Ice Magic
 62874 | Vaults:5 | Learned a level 7 spell: Summon Hydra
 63071 | Vaults:5 | Reached skill level 10 in Ice Magic
 63163 | Vaults:5 | Received a gift from Okawaru
 63632 | Vaults:5 | Noticed an ancient lich
 63648 | Vaults:5 | Killed an ancient lich
 63667 | Vaults:5 | Identified the +10 scale mail of Starshine {rC+ Int+10
                  | Stlth-} (You found it on level 5 of the Vaults)
 63756 | Vaults:5 | Received a gift from Okawaru
 63827 | Vaults:5 | Noticed an ancient lich
 63975 | Vaults:5 | Found Qiqor's Distillery.
 63988 | Vaults:5 | Bought a potion of heal wounds for 65 gold pieces
 63988 | Vaults:5 | Bought a potion of curing for 39 gold pieces
 63988 | Vaults:5 | Bought a potion of might for 52 gold pieces
 63988 | Vaults:5 | Bought 2 potions of berserk rage for 130 gold pieces
 63995 | Vaults:5 | Found Ogaabeol's Distillery.
 63999 | Vaults:5 | Bought a potion of curing for 48 gold pieces
 63999 | Vaults:5 | Bought a potion of curing for 48 gold pieces
 63999 | Vaults:5 | Bought a potion of curing for 48 gold pieces
 63999 | Vaults:5 | Bought a potion of haste for 160 gold pieces
 63999 | Vaults:5 | Bought a potion of haste for 160 gold pieces
 63999 | Vaults:5 | Bought a potion of curing for 48 gold pieces
 63999 | Vaults:5 | Bought 2 potions of magic for 256 gold pieces
 64016 | Vaults:5 | Killed an ancient lich
 64092 | Vaults:5 | Found Xuhuunoh's Magic Scroll Shop.
 64102 | Vaults:5 | Bought 2 scrolls of identify for 56 gold pieces
 64102 | Vaults:5 | Bought a scroll of identify for 28 gold pieces
 64102 | Vaults:5 | Bought a scroll of identify for 28 gold pieces
 64102 | Vaults:5 | Bought a scroll of magic mapping for 49 gold pieces
 64108 | Vaults:5 | Found Miadalau's Magic Scroll Shoppe.
 64114 | Vaults:5 | Bought a scroll of teleportation for 60 gold pieces
 64114 | Vaults:5 | Bought a scroll of blinking for 150 gold pieces
 64114 | Vaults:5 | Bought a scroll of teleportation for 60 gold pieces
 64114 | Vaults:5 | Bought a scroll of teleportation for 60 gold pieces
 64114 | Vaults:5 | Bought a scroll of teleportation for 60 gold pieces
 64114 | Vaults:5 | Bought a scroll of identify for 40 gold pieces
 64261 | Vaults:5 | Reached skill level 10 in Translocations
 64272 | Vaults:5 | Got a silver rune of Zot
 64412 | Vaults:5 | Got an ancient steel ring
 64413 | Vaults:5 | Identified the ring "Mitecruc" {rCorr Str+2 Int+3} (You
                  | found it on level 5 of the Vaults)
 64431 | Vaults:5 | Identified the ring of Yrheck {Wiz +Fly rF+ MR+} (You found
                  | it on level 5 of the Vaults)
 64518 | Crypt:1  | Entered Level 1 of the Crypt
 64575 | Crypt:1  | Noticed Mara
 64590 | Crypt:1  | Noticed taqueso's illusion
 64613 | Vaults:3 | Noticed taqueso's illusion
 64625 | Vaults:3 | Killed Mara
 64834 | Crypt:1  | Noticed a greater mummy
 64835 | Crypt:1  | Noticed Khufu
 64875 | Crypt:1  | Killed a greater mummy
 65070 | Crypt:1  | Noticed a greater mummy
 65585 | Crypt:1  | Killed a greater mummy
 65591 | Crypt:1  | Killed Khufu
 65796 | Crypt:2  | Noticed Frederick
 65830 | Crypt:1  | Killed Frederick
 65830 | Crypt:1  | Received a gift from Okawaru
 65963 | Crypt:2  | Learned a level 6 spell: Shadow Creatures
 66266 | Crypt:2  | Received a gift from Okawaru
 66337 | Crypt:2  | Identified the cursed +1 scale mail of Inquiry {rPois rC+
                  | Int-5 Stlth+}
 66376 | Crypt:2  | Received a gift from Okawaru
 66707 | Crypt:3  | Entered Level 3 of the Crypt
 66767 | Crypt:3  | Received a gift from Okawaru
 66767 | Crypt:3  | Reached skill level 15 in Dodging
 66813 | Crypt:3  | Found an ancient bone altar of Kikubaaqudgha.
 66910 | Crypt:3  | Found a staircase to the Tomb.
 67567 | Crypt:3  | Found a basalt altar of Yredelemnul.
 67612 | Crypt:3  | Noticed an ancient lich
 67643 | Crypt:3  | Killed an ancient lich
 68051 | Crypt:3  | Identified the Handbook of Sinister Rituals
 68062 | Crypt:3  | Identified the +5 scale mail of Elyvilon's Regard {MR+
                  | Int+4 Dex+4} (You found it on level 3 of the Crypt)
 68300 | Crypt:3  | Learned a level 5 spell: Summon Demon
 68625 | Zot:1    | Entered Level 1 of the Realm of Zot
 68672 | Zot:1    | Found a transporter.
 68780 | Zot:1    | Received a gift from Okawaru
 68860 | Zot:1    | Reached skill level 15 in Fighting
 69273 | Zot:1    | Received a gift from Okawaru
 69308 | Zot:1    | Noticed an orb of fire
 69319 | Zot:1    | Gained mutation: You are frail. (-10% HP) [an orb of fire]
 69323 | Zot:1    | Gained mutation: You occasionally shout uncontrollably at
                  | your foes. [an orb of fire]
 69327 | Zot:1    | Killed an orb of fire
 69462 | Zot:1    | Found a transporter.
 70169 | Zot:2    | Received a gift from Okawaru
 70956 | Zot:3    | Reached skill level 24 in Polearms
 71023 | Zot:3    | Received a gift from Okawaru
 71213 | Zot:3    | Received a gift from Okawaru
 72031 | Depths:5 | Bought a potion of mutation for 168 gold pieces
 72031 | Depths:5 | Bought a potion of curing for 63 gold pieces
 72031 | Depths:5 | Bought a potion of might for 84 gold pieces
 72031 | Depths:5 | Lost mutation: You are frail. (-10% HP) [potion of
                  | mutation]
 72031 | Depths:5 | Lost mutation: You occasionally shout uncontrollably at
                  | your foes. [potion of mutation]
 72031 | Depths:5 | Gained mutation: You expend magic power (3 MP) to
                  | strengthen your wands. [potion of mutation]
 72031 | Depths:5 | Gained mutation: You are weak. (Str -2) [potion of
                  | mutation]
 72031 | Depths:5 | Gained mutation: You evolve. [potion of mutation]
 72293 | Zot:4    | Lost mutation: You are partially covered in molten scales.
                  | (AC +2) [evolution]
 73198 | Zot:4    | Received a gift from Okawaru
 73214 | Zot:4    | HP: 9/225 [black draconian stormcaller/divine providence
                  | (11)]
 73926 | Zot:5    | Entered Level 5 of the Realm of Zot
 73951 | Zot:5    | Received a gift from Okawaru
 74145 | Zot:5    | Got a crude lead ring
 74146 | Zot:5    | Identified the ring "Jesur" {rF+ rC- rCorr Int+5 Stlth+}
                  | (You found it on level 5 of the Realm of Zot)
 74734 | Zot:5    | Noticed an ancient lich
 74753 | Zot:5    | Killed an ancient lich
 74797 | Zot:5    | HP: 4/230 [Orb Guardian (55)]
 74797 | Zot:5    | Killed from afar by a Killer Klown

Illustrated notes

Levels and vault maps discovered:
D:1:      saegor_arrival_simple_e, layout_rooms
D:2:      minmay_recursive_quarters, layout_loops_ring, uniq_terence
D:3:      layout_loops_ring, uniq_jessica, uniq_sigmund, uniq_crazy_yiuf_cottage
D:4:      layout_basic, kennysheep_mini
D:5:      layout_loops_cross, lemuel_crystal_altar, kiku_gazebo_pond_becter,
          gammafunk_ghost_hive, grunt_decor_one_mirror
D:6:      layout_basic, lemuel_coloured_pillars_altar,
          nicolae_dithmenos_shadow_blocks, kennysheep_little_box, basic_altar,
          uniq_grinder
D:7:      minmay_the_grid_triangle_9x9_rhombus_full
          [minmay_the_grid_triangle_9x9_corrupted_corridor,
          minmay_the_grid_triangle_9x9_flanged_cone,
          minmay_the_grid_triangle_9x9_tough_junction,
          minmay_the_grid_triangle_9x9_longest,
          minmay_the_grid_triangle_9x9_negative_grid,
          minmay_the_grid_triangle_9x9_zippers_vertical,
          minmay_the_grid_triangle_9x9_zippers_horizontal,
          minmay_the_grid_triangle_9x9_prize_schism], layout_loops_ring,
          minmay_temple_entry_hall, serial_shops, shop, shop_fountains, shop,
          nicolae_shop_trees, hangedman_abyss_or_decor_stagger
D:8:      layout_basic, uniq_joseph
D:9:      layout_irregular_city, enter_bailey_6, hangedman_decor_diamond_cutter,
          uniq_erica, uniq_psyche, uniq_gastronok
D:10:     layout_roguey, orc_david_3
D:11:     layout_stronghold, minmay_lair_entry_grove, serial_shops, shop,
          uniq_josephine, uniq_maurice
D:12:     minmay_tri_box, layout_loops_cross, serial_shops,
          nicolae_shop_crystal, tgw_lugonu_bribe
D:13:     layout_long_grid
D:14:     layout_cave_pools, erik_vaults_2, serial_shops, nicolae_shop_stone,
          serial_bayou_pond_a, uniq_louise
D:15:     gammafunk_depths_entry_grave, layout_cave_pools, basic_altar,
          uniq_rupert
Temple:   regret_index_temple_sphere_string
Lair:1:   layout_long_grid, gauntlet_entry_generic, minmay_lair_oklob_chamber,
          infiniplex_staircase_pool
Lair:2:   layout_gridlike, nicolae_quartered_pool_super, beast_lair_carwin_6,
          lemuel_fruit_fields
Lair:3:   layout_roguey, guppyfry_snake_entry_island,
          nicolae_volcano_entry_lava_flow
Lair:4:   layout_hall_layers, shoals_dummy_entry
Lair:5:   hangedman_what_comes_after_a, layout_misc_corridors, basic_altar,
          serial_forest, infiniplex_forest_end_double,
          infiniplex_forest_fountain, infiniplex_forest_clump_tiny,
          infiniplex_forest_corner_2, infiniplex_forest_straight_2,
          infiniplex_forest_lined_1
Lair:6:   gammafunk_lair_ancient_temple, layout_cellular_growth,
          dpeg_slime_entry_enclosed_altar, fungi_pond_lemuel, uniq_sonja
Shoals:1: layout_shoals, portal_ice_cave_entry_ice_statue_two, serial_shops,
          shop, lemuel_altar_in_water
Shoals:2: layout_shoals, serial_shops, shop
Shoals:3: layout_shoals, gammafunk_ghost_arena
Shoals:4: shoals_end_hangedman, layout_shoals, shoals_ilsuiw_ice,
          hangedman_feature_mirror
Snake:1:  layout_concentric_octagons, special_room
Snake:2:  layout_basic, gammafunk_ghost_abyssal_escape, uniq_aizul, uniq_kirke,
          uniq_vashnia
Snake:3:  layout_misc_corridors, hangedman_snake_thin_pillar_pass
Snake:4:  johnstein_snake_rune_scales, layout_cave_town, serial_shops,
          nicolae_shop_crystal, ebering_ghost_inner_flame, drop_trap,
          minmay_snake_pond, minmay_shoptagon
Orc:1:    layout_diamond_mine
Orc:2:    st_orc_open, layout_caves, basic_altar
Elf:1:    eino_elf_arrival_the_gate, layout_gridlike, serial_shops,
          nicolae_shop_stone, hangedman_elf_disciples, grunt_ministairs_10
Elf:2:    layout_loops_cross, gammafunk_ghost_split, serial_co_window_serial,
          co_window_of_opportunity_a, co_window_paths_a, co_window_paths_a,
          co_window_corner_a, co_window_cross_1, co_window_paths_a,
          co_window_corner_a, uniq_roxanne
Elf:3:    minmay_elf_hall, layout_loops_ring, gammafunk_ghost_arena
Vaults:1: nicolae_vaults_back_hallway, nicolae_vaults_three_branches,
          vaults_room_door_hall, nicolae_vaults_mini_display_case,
          ontoclasm_vaults_bender, v_misc_32, v_misc_26, v_alt_pattern_4,
          hangedman_vaults_capsules, vaults_dpeg_ring, layout_vaults_omnibox
Vaults:2: gammafunk_vaults_ghost_crypt, v_misc_33, v_rooms_2, v_pattern_5,
          v_alt_pattern_1, vaults_mumra_hexcomb, grunt_vaults_twisty,
          vaults_standard_mumra_x, ontoclasm_vaults_gallery,
          vaults_room_ringed_pool, ontoclasm_vaults_shuriken, v_misc_25,
          ontoclasm_vaults_decontamination, ontoclasm_vaults_ligature,
          v_misc_13, ontoclasm_vaults_hangar, layout_vaults_maze_snakey,
          infiniplex_enter_wizlab_water
Vaults:3: nicolae_vaults_stairing_the_circle, v_alt_pattern_2,
          nicolae_vaults_what_the_h, minmay_crypt_entry_simple_corners,
          v_misc_26, ontoclasm_vaults_loading_screen, layout_vaults_omnicross
Vaults:4: hangedman_vaults_impose, vaults_room_octagon, v_rooms_4,
          vaults_dpeg_encased_lava, vaults_room_stairs_pillars,
          vaults_room_pools, nicolae_vaults_little_ls, vaults_room_corners,
          vaults_room_grunt_arrival_ludios, layout_vaults_omnigrid, basic_altar,
          uniq_xtahua, uniq_margery, uniq_sojobo
Vaults:5: serial_shops
Crypt:1:  layout_gridlike, minivault_23, corner_web_ring, wad_floor_pattern_2,
          lemuel_nasty_fountain, grunt_megastairs_1, uniq_khufu, uniq_mara
Crypt:2:  layout_misc_corridors, uniq_frederick
Crypt:3:  church_of_pain_bobbens, layout_chaotic_city, basic_altar
Depths:1: layout_roguey, special_room [special_room_mythical_zoo],
          grunt_metal_band, evilmike_minifort, firewood_loft, minmay_shop_grove
Depths:2: cheibrodos_quadrivalence, layout_small_grid, hangedman_geh_valley,
          pan_entry, kennysheep_small_spiral, infiniplex_staircase_pool_1,
          grunt_megastairs_2
Depths:3: evilmike_wizard_prison, layout_basic, rand_demon_pan_entry_3,
          corexii_corridor_pit, grunt_hell_entry_dis_mu,
          minmay_guarded_unrand_robustness, infiniplex_staircase_river
Depths:4: thingy_vault_2, layout_basic, enter_ziggurat_a,
          abyss_entry_small_statue_room, hell_entry,
          infiniplex_staircase_pillars_1
Depths:5: hangedman_spin_cycle, hell_entry
Zot:1:    gammafunk_sealed_arena, layout_twisted_circle
Zot:2:    layout_onion
Zot:3:    layout_cathedral_of_symmetry, hangedman_zot_decor_slant
Zot:4:    layout_gridlike
Zot:5:    layout_basic

Skill      XL: |  1  2  3  4  5  6  7  8  9 10 11 12 13 14 15 16 17 18 19 20 21 22 23 24 25 26 27 |
---------------+----------------------------------------------------------------------------------+-----
Polearms       | 4 5 6 7 9 11 13 15 16 18 19 20 21 23 24 | 24.0
Throwing       | 1 2 3 4 5 8 10 11 12 14 16 18 | 18.0
Shields        | 4 5 7 10 11 12 13 15 18 | 18.0
Dodging        | 1 2 3 4 10 12 14 16 | 16.0
Fighting       | 4 5 6 10 13 14 20 | 20.0
Armour         | 3 4 6 10 13 16 | 16.2
Evocations     | 1 4 5 10 15 20 | 20.0
Invocations    | 3 6 8 10 | 10.0
Stealth        | 16 | 16.0
Spellcasting   | 5 |  5.0
Translocations | 4 5 11 | 11.6
Summonings     | 8 17 20 | 20.7
Necromancy     | 8 10 | 10.3
Ice Magic      | 14 | 14.7

Action                   |  1- 3 |  4- 6 |  7- 9 | 10-12 | 13-15 | 16-18 | 19-21 | 22-24 | 25-27 || total
-------------------------+-------+-------+-------+-------+-------+-------+-------+-------+-------++-------
Melee: Trident           |    86 |   171 |   507 |   628 |       |       |       |       |       ||  1392
       Demon trident     |       |       |       |   138 |  1059 |  1759 |  1242 |  1521 |  3590 ||  9309
       Tailslap          |       |       |       |       |     8 |    30 |       |       |       ||    38
Throw: Stone             |    31 |    56 |   119 |   209 |       |       |       |       |       ||   415
       Boomerang         |       |       |       |    48 |    43 |   306 |   742 |   632 |  1321 ||  3092
       Dart              |       |       |       |    35 |   458 |   851 |     8 |     1 |     5 ||  1358
       Javelin           |       |       |       |       |     8 |       |    22 |     3 |    22 ||    55
 Cast: Blink             |       |       |       |       |       |       |       |     6 |     6 ||    12
       Summon Forest     |       |       |       |       |       |       |       |       |     4 ||     4
       Shadow Creatures  |       |       |       |       |       |       |       |       |     7 ||     7
       Summon Hydra      |       |       |       |       |       |       |       |       |     4 ||     4
       Summon Demon      |       |       |       |       |       |       |       |       |     2 ||     2
Invok: Heroism           |       |       |     5 |    12 |    13 |    23 |    28 |    16 |    53 ||   150
       Finesse           |       |       |       |       |       |     2 |     3 |     2 |     4 ||    11
Evoke: Wand              |       |     5 |    16 |    13 |       |    16 |    22 |     8 |    18 ||    98
       Lightning rod     |       |       |       |    10 |     1 |       |       |     1 |       ||    12
       Phantom mirror    |       |       |       |     1 |     1 |     1 |     2 |       |     1 ||     6
       Tin of tremorston |       |       |       |       |     1 |       |     1 |     1 |     1 ||     4
       Box of beasts     |       |       |       |       |       |       |     4 |       |    10 ||    14
       Condenser vane    |       |       |       |       |       |       |       |     2 |       ||     2
  Use: Potion            |       |     2 |     6 |     8 |     1 |     9 |     3 |       |    11 ||    40
       Scroll            |       |     1 |    19 |    19 |    12 |    12 |    15 |     6 |    34 ||   118
 Stab: Paralysed         |       |    11 |     7 |     3 |       |       |       |       |     2 ||    23
       Sleeping          |       |       |       |       |     1 |     4 |     6 |     9 |    34 ||    54
       Distracted        |       |       |       |       |       |     2 |     6 |     4 |     8 ||    20
       Petrifying        |       |       |       |       |       |       |       |       |     1 ||     1
Armor: Scale mail        |    12 |       |       |       |       |    64 |   183 |   179 |   400 ||   838
       Chain mail        |    10 |    81 |   109 |    86 |   179 |   342 |       |       |       ||   807
       Skin              |       |       |    33 |     5 |       |       |       |       |       ||    38
       Ring mail         |       |       |    32 |    28 |       |       |       |       |       ||    60
Dodge: Dodged            |    17 |    20 |    75 |   209 |   323 |   642 |   475 |   469 |  1092 ||  3322
       Repelled          |       |       |       |     2 |       |       |       |       |       ||     2
Block: Kite shield       |    28 |    71 |    72 |       |   186 |   390 |   423 |   730 |  1752 ||  3652
       Buckler           |       |       |    38 |   124 |   142 |   291 |   185 |       |       ||   780
       Reflection        |       |       |     1 |    16 |    54 |    94 |    70 |    59 |    81 ||   375

Table legend: (Time is in decaauts)
 A = Elapsed time spent in this place.
 B = Non-inter-level travel time spent in this place.
 C = Inter-level travel time spent in this place.
 D = Time resting spent in this place.
 E = Time spent auto-exploring this place.
 F = Levels seen in this place.
 G = Mean time per level.
                   A        B        C        D        E       F      G
               +--------+--------+--------+--------+--------+-----+--------+
         Total |  67644 |  60677 |   6967 |   2903 |  40469 |  58 | 1166.3 |
       Dungeon |  18140 |  16247 |   1893 |    978 |  11574 |  15 | 1209.3 |
        Temple |    136 |    129 |      7 |      0 |    128 |   1 |  136.0 |
          Lair |   6445 |   5463 |    982 |      9 |   4375 |   6 | 1074.2 |
        Shoals |   5221 |   4820 |    401 |    404 |   2806 |   4 | 1305.2 |
     Snake Pit |   5133 |   4831 |    302 |    450 |   2970 |   4 | 1283.2 |
  Orcish Mines |   2280 |   1793 |    487 |      0 |   1202 |   2 | 1140.0 |
   Elven Halls |   4346 |   3838 |    508 |    221 |   2553 |   3 | 1448.7 |
        Vaults |   7391 |   6631 |    760 |    144 |   4416 |   5 | 1478.2 |
         Crypt |   3069 |   2801 |    268 |      0 |   1764 |   3 | 1023.0 |
        Depths |   7969 |   7045 |    924 |    337 |   4267 |   5 | 1593.8 |
           Zot |   5195 |   4763 |    432 |    204 |   3287 |   5 | 1039.0 |
        Bailey |    329 |    329 |      0 |      0 |    222 |   1 |  329.0 |
      Ice Cave |    607 |    607 |      0 |     16 |    296 |   1 |  607.0 |
       Volcano |    425 |    425 |      0 |      0 |    161 |   1 |  425.0 |
        Wizlab |    429 |    429 |      0 |      3 |    207 |   1 |  429.0 |
      Gauntlet |    522 |    522 |      0 |    134 |    237 |   1 |  522.0 |
               +--------+--------+--------+--------+--------+-----+--------+

Top non-repeatable levels by time:
     D:7: 2504 daAuts
    D:11: 2165 daAuts
   Elf:3: 2036 daAuts
Depths:3: 1969 daAuts
 Snake:4: 1816 daAuts
Vaults:2: 1815 daAuts
Shoals:4: 1759 daAuts
Depths:4: 1732 daAuts
Depths:1: 1707 daAuts
Vaults:5: 1532 daAuts
Vaults:4: 1513 daAuts
  Lair:6: 1488 daAuts
    D:14: 1469 daAuts
   Zot:4: 1450 daAuts
Depths:2: 1430 daAuts
